TOP OF THE 1ST |
Los Angeles (NYP) Angels batting - Pitching for Connecticut Tigers : RHP Adam Oyler
|
Pitching: RHP Adam Oyler
|
|
Batting: RHB Dan Myers
|
0-0: Ground out 4-3 (Groundball, 4, EV 84.4 MPH)
|
Batting: RHB Dan Burkhart
|
0-0: Ball 1-0: Ball 2-0: Ball 3-0: Called Strike 3-1: Base on Balls
|
Batting: RHB Sean Rocha
|
0-0: Called Strike 0-1: Ball 1-1: Foul Ball, location: 2F 1-2: Ball Pickoff Throw to First - Out! 1-3 CS 2-2: Strikes out looking
|
Top of the 1st over - 0 runs, 0 hits, 0 errors, 0 left on base; Los Angeles (NYP) 0 - Connecticut 0 |
BOTTOM OF THE 1ST |
Connecticut Tigers batting - Pitching for Los Angeles (NYP) Angels : RHP Hector Carrizales
|
Pitching: RHP Hector Carrizales
|
|
Batting: RHB Janne Vihko
|
0-0: Called Strike 0-1: Ball 1-1: Ball 2-1: Ground out 6-3 (Groundball, 6, EV 83.8 MPH)
|
Batting: RHB Khalil Coleman
|
0-0: SINGLE (Groundball, 6MD, EV 101.9 MPH)
|
Batting: LHB Afanasy Zasekin
|
0-0: Swinging Strike 0-1: Called Strike 0-2: SINGLE (Groundball, 4M, EV 102.5 MPH) (infield hit) Khalil Coleman to second
|
Batting: LHB Antonio Luis
|
0-0: Called Strike 0-1: Swinging Strike 0-2: Foul Ball, location: 2F 0-2: Fielders Choice at 2nd, 4-6 (Groundball, 34, EV 91.2 MPH) Khalil Coleman to third
|
Batting: RHB Jeremiah Washington
|
0-0: Called Strike 0-1: Fly out, F7 (Flyball, 7S, EV 97.5 MPH)
|
Bottom of the 1st over - 0 runs, 2 hits, 0 errors, 2 left on base; Los Angeles (NYP) 0 - Connecticut 0 |
TOP OF THE 2ND |
Los Angeles (NYP) Angels batting - Pitching for Connecticut Tigers : RHP Adam Oyler
|
Batting: SHB Danny Gelinas
|
0-0: Ball 1-0: Called Strike 1-1: Fly out, F9 (Flyball, 9, EV 75.0 MPH)
|
Batting: LHB Alberto Carrillo
|
0-0: Called Strike 0-1: Ball 1-1: Foul Ball, location: 2F 1-2: Ball 2-2: Ball 3-2: Foul Ball, location: 2F 3-2: Strikes out looking
|
Batting: RHB Phil Knox
|
0-0: Called Strike 0-1: Ground out 4-3 (Groundball, 4, EV 101.9 MPH)
|
Top of the 2nd over - 0 runs, 0 hits, 0 errors, 0 left on base; Los Angeles (NYP) 0 - Connecticut 0 |
BOTTOM OF THE 2ND |
Connecticut Tigers batting - Pitching for Los Angeles (NYP) Angels : RHP Hector Carrizales
|
Batting: RHB Juan Acero
|
0-0: Ball 1-0: Swinging Strike 1-1: Called Strike 1-2: Ball 2-2: Ball 3-2: Ground out 6-3 (Groundball, 6, EV 76.2 MPH)
|
Batting: RHB Tony Nunez
|
0-0: Called Strike 0-1: Foul Ball, location: 2F 0-2: Ball 1-2: Ball 2-2: Foul Ball, location: 2F 2-2: Ball 3-2: Strikes out swinging
|
Batting: SHB Ian Arlotta
|
0-0: Ground out 5-3 (Groundball, 5L, EV 80.6 MPH)
|
Bottom of the 2nd over - 0 runs, 0 hits, 0 errors, 0 left on base; Los Angeles (NYP) 0 - Connecticut 0 |
TOP OF THE 3RD |
Los Angeles (NYP) Angels batting - Pitching for Connecticut Tigers : RHP Adam Oyler
|
Batting: RHB Davey Verhoog
|
0-0: Foul Ball, location: 2F 0-1: Swinging Strike 0-2: Foul Ball, location: 2F 0-2: Ball 1-2: Foul Ball, location: 2F 1-2: Strikes out swinging
|
Batting: LHB Adam Barry
|
0-0: Ball 1-0: Called Strike 1-1: Foul Ball, location: 2F 1-2: Strikes out swinging
|
Batting: RHB Malachi Ephron
|
0-0: Foul Ball, location: 2F 0-1: Ball 1-1: Swinging Strike 1-2: Ball 2-2: Ball 3-2: Strikes out swinging
|
Top of the 3rd over - 0 runs, 0 hits, 0 errors, 0 left on base; Los Angeles (NYP) 0 - Connecticut 0 |
BOTTOM OF THE 3RD |
Connecticut Tigers batting - Pitching for Los Angeles (NYP) Angels : RHP Hector Carrizales
|
Batting: RHB Kaleb Yerger
|
0-0: Ball 1-0: Swinging Strike 1-1: Ball 2-1: Foul Ball, location: 2F 2-2: Ball 3-2: Foul Ball, location: 2F 3-2: Ground out 6-3 (Groundball, 6, EV 84.4 MPH)
|
Batting: RHB Janne Vihko
|
0-0: Ball 1-0: Ball 2-0: Ground out U3 (Groundball, 34S, EV 75.0 MPH)
|
Batting: RHB Khalil Coleman
|
0-0: Ground out 6-3 (Groundball, 6, EV 83.1 MPH)
|
Bottom of the 3rd over - 0 runs, 0 hits, 0 errors, 0 left on base; Los Angeles (NYP) 0 - Connecticut 0 |
TOP OF THE 4TH |
Los Angeles (NYP) Angels batting - Pitching for Connecticut Tigers : RHP Adam Oyler
|
Batting: RHB Dan Myers
|
0-0: Ball 1-0: Fly out, F8 (Line Drive, 8RS, EV 92.5 MPH)
|
Batting: RHB Dan Burkhart
|
0-0: Called Strike 0-1: Ball 1-1: Swinging Strike 1-2: Strikes out swinging
|
Batting: RHB Sean Rocha
|
0-0: Foul Ball, location: 2F 0-1: Swinging Strike 0-2: Foul Ball, location: 2F 0-2: Strikes out looking
|
Top of the 4th over - 0 runs, 0 hits, 0 errors, 0 left on base; Los Angeles (NYP) 0 - Connecticut 0 |
BOTTOM OF THE 4TH |
Connecticut Tigers batting - Pitching for Los Angeles (NYP) Angels : RHP Hector Carrizales
|
Batting: LHB Afanasy Zasekin
|
0-0: Ball 1-0: Ground out 4-3 (Groundball, 4, EV 98.8 MPH)
|
Batting: LHB Antonio Luis
|
0-0: Ball 1-0: Fly out, F9 (Flyball, 89D, EV 92.5 MPH)
|
Batting: RHB Jeremiah Washington
|
0-0: SINGLE (Groundball, 4MS, EV 66.9 MPH) (infield hit)
|
Batting: RHB Juan Acero
|
0-0: DOUBLE (Line Drive, 8LXD, EV 108.8 MPH) Jeremiah Washington to third Runner from 3rd tries for Home, SAFE, no throw by CF
|
Batting: RHB Tony Nunez
|
0-0: Called Strike 0-1: Ball 1-1: Ball 2-1: Called Strike 2-2: Strikes out swinging
|
Bottom of the 4th over - 1 run, 2 hits, 0 errors, 1 left on base; Los Angeles (NYP) 0 - Connecticut 1 |
TOP OF THE 5TH |
Los Angeles (NYP) Angels batting - Pitching for Connecticut Tigers : RHP Adam Oyler
|
Batting: SHB Danny Gelinas
|
0-0: Ball 1-0: Foul Ball, location: 2F 1-1: Called Strike 1-2: Strikes out swinging
|
Batting: LHB Alberto Carrillo
|
0-0: Foul Ball, location: 2F 0-1: Fly out, F6 (Flyball, 56D, EV 94.4 MPH)
|
Batting: RHB Phil Knox
|
0-0: Foul Ball, location: 2F 0-1: Ball 1-1: Swinging Strike 1-2: Fly out, F7 (Flyball, 7LS, EV 93.8 MPH)
|
Top of the 5th over - 0 runs, 0 hits, 0 errors, 0 left on base; Los Angeles (NYP) 0 - Connecticut 1 |
BOTTOM OF THE 5TH |
Connecticut Tigers batting - Pitching for Los Angeles (NYP) Angels : RHP Hector Carrizales
|
Batting: SHB Ian Arlotta
|
0-0: Swinging Strike 0-1: Fly out, F2 (Popup, 3SF, EV 81.2 MPH)
|
Batting: RHB Kaleb Yerger
|
0-0: Ball 1-0: Called Strike 1-1: Foul Ball, location: 2F 1-2: Ball 2-2: Strikes out swinging
|
Batting: RHB Janne Vihko
|
0-0: SINGLE (Groundball, 25, EV 64.4 MPH) (infield hit)
|
Batting: RHB Khalil Coleman
|
0-0: Ball Passed Ball! Janne Vihko to second 1-0: Swinging Strike 1-1: Foul Ball, location: 2F 1-2: Foul Ball, location: 2F 1-2: Foul Ball, location: 2F 1-2: Foul Ball, location: 2F 1-2: Ball 2-2: Ball 3-2: Ground out 4-3 (Groundball, 13, EV 83.1 MPH)
|
Bottom of the 5th over - 0 runs, 1 hit, 0 errors, 1 left on base; Los Angeles (NYP) 0 - Connecticut 1 |
TOP OF THE 6TH |
Los Angeles (NYP) Angels batting - Pitching for Connecticut Tigers : RHP Adam Oyler
|
Batting: RHB Davey Verhoog
|
0-0: Ball 1-0: Fly out, F8 (Flyball, 78M, EV 91.2 MPH)
|
Batting: LHB Adam Barry
|
0-0: Ball 1-0: Swinging Strike 1-1: Ball 2-1: Swinging Strike 2-2: Ball 3-2: Strikes out looking
|
Batting: RHB Malachi Ephron
|
0-0: Called Strike 0-1: Swinging Strike 0-2: Ball 1-2: Fly out, F9 (Flyball, 89S, EV 95.6 MPH)
|
Top of the 6th over - 0 runs, 0 hits, 0 errors, 0 left on base; Los Angeles (NYP) 0 - Connecticut 1 |
BOTTOM OF THE 6TH |
Connecticut Tigers batting - Pitching for Los Angeles (NYP) Angels : RHP Hector Carrizales
|
Batting: LHB Afanasy Zasekin
|
0-0: Called Strike 0-1: SINGLE (Groundball, 6S, EV 63.1 MPH) (infield hit)
|
Batting: LHB Antonio Luis
|
0-0: Ball 1-0: Grounds into double play, 4-6-3 (Groundball, 34D, EV 77.5 MPH)
|
Batting: RHB Jeremiah Washington
|
0-0: Foul Ball, location: 2F 0-1: Foul Ball, location: 2F 0-2: Strikes out swinging
|
Bottom of the 6th over - 0 runs, 1 hit, 0 errors, 0 left on base; Los Angeles (NYP) 0 - Connecticut 1 |
TOP OF THE 7TH |
Los Angeles (NYP) Angels batting - Pitching for Connecticut Tigers : RHP Adam Oyler
|
Batting: RHB Dan Myers
|
0-0: Hit by Pitch
|
Batting: RHB Dan Burkhart
|
Balk! Dan Myers to second
|
Pinch Hitting: LHB Jamie Diebel
|
0-0: Called Strike Dan Myers steals 3rd base 0-1: Foul Ball, location: 2F 0-2: Ball 1-2: Ball Passed Ball! Dan Myers scores 2-2: Ball 3-2: Fly out, F6 (Popup, 6S, EV 72.5 MPH)
|
Batting: RHB Sean Rocha
|
0-0: Foul Ball, location: 2F 0-1: Ball 1-1: Fly out, F8 (Flyball, 8LXD, EV 100.0 MPH)
|
Batting: SHB Danny Gelinas
|
0-0: Called Strike 0-1: Ball 1-1: Ball 2-1: Ball 3-1: Swinging Strike 3-2: Strikes out swinging
|
Top of the 7th over - 1 run, 0 hits, 0 errors, 0 left on base; Los Angeles (NYP) 1 - Connecticut 1 |
BOTTOM OF THE 7TH |
Connecticut Tigers batting - Pitching for Los Angeles (NYP) Angels : RHP Hector Carrizales
|
Now at 2B: Phil Knox
|
|
Now at SS: Ron Major
|
|
Batting: RHB Juan Acero
|
0-0: Ball 1-0: Ball 2-0: Ball 3-0: Base on Balls
|
Batting: RHB Tony Nunez
|
0-0: Grounds into double play, 4-6-3 (Groundball, 4, EV 87.5 MPH)
|
Batting: SHB Ian Arlotta
|
0-0: Ground out 4-3 (Groundball, 4, EV 90.6 MPH)
|
Bottom of the 7th over - 0 runs, 0 hits, 0 errors, 0 left on base; Los Angeles (NYP) 1 - Connecticut 1 |
TOP OF THE 8TH |
Los Angeles (NYP) Angels batting - Pitching for Connecticut Tigers : RHP Adam Oyler
|
Pitching: LHP Victor Villarreal
|
|
Batting: LHB Alberto Carrillo
|
0-0: Ball 1-0: Called Strike 1-1: Foul Ball, location: 2F 1-2: Ball 2-2: Strikes out swinging
|
Batting: RHB Phil Knox
|
0-0: Called Strike 0-1: Ball 1-1: Ground out 6-3 (Groundball, 6, EV 90.0 MPH)
|
Batting: RHB Davey Verhoog
|
0-0: Foul Ball, location: 2F 0-1: Ground out 4-3 (Groundball, 34, EV 88.8 MPH)
|
Top of the 8th over - 0 runs, 0 hits, 0 errors, 0 left on base; Los Angeles (NYP) 1 - Connecticut 1 |
BOTTOM OF THE 8TH |
Connecticut Tigers batting - Pitching for Los Angeles (NYP) Angels : RHP Hector Carrizales
|
Pitching: RHP Owen Prouty
|
|
Batting: RHB Kaleb Yerger
|
0-0: Called Strike 0-1: Ball 1-1: Ball 2-1: Ball 3-1: Base on Balls
|
Batting: RHB Janne Vihko
|
0-0: Swinging Strike 0-1: Fly out, F2 (Popup, 2RF, EV 94.4 MPH)
|
Batting: RHB Khalil Coleman
|
0-0: Ball 1-0: Ball 2-0: Ball 3-0: Called Strike 3-1: Base on Balls Kaleb Yerger to second
|
Batting: LHB Afanasy Zasekin
|
0-0: Ball 1-0: Ball 2-0: Ball 3-0: Called Strike 3-1: Base on Balls Kaleb Yerger to third Khalil Coleman to second
|
Batting: LHB Antonio Luis
|
0-0: Swinging Strike 0-1: Fly out, F6 (Popup, 34, EV 70.6 MPH)
|
Batting: RHB Jeremiah Washington
|
0-0: Ball 1-0: Called Strike 1-1: Reached on error, E4 (Groundball, 4, EV 89.4 MPH) Kaleb Yerger scores Khalil Coleman to third Afanasy Zasekin to second
|
Batting: RHB Juan Acero
|
0-0: Swinging Strike Passed Ball! Khalil Coleman scores Afanasy Zasekin to third Jeremiah Washington to second 0-1: Ball Wild Pitch! Afanasy Zasekin scores Jeremiah Washington to third 1-1: Swinging Strike 1-2: Ball 2-2: Fly out, F9 (Flyball, 89S, EV 84.4 MPH)
|
Bottom of the 8th over - 3 runs, 0 hits, 1 error, 1 left on base; Los Angeles (NYP) 1 - Connecticut 4 |
TOP OF THE 9TH |
Los Angeles (NYP) Angels batting - Pitching for Connecticut Tigers : LHP Victor Villarreal
|
Batting: LHB Adam Barry
|
0-0: TRIPLE (Flyball, 89XD, EV 111.2 MPH)
|
Batting: RHB Malachi Ephron
|
0-0: Called Strike 0-1: Called Strike 0-2: Ball 1-2: Ball 2-2: Ball 3-2: Base on Balls
|
Batting: RHB Dan Myers
|
0-0: Ball 1-0: Called Strike 1-1: Ball 2-1: Swinging Strike 2-2: Ball 3-2: 3-RUN HOME RUN (Flyball, 7D, EV 100.0 MPH), Distance : 384 ft
|
Batting: RHB Ron Major
|
0-0: Ball 1-0: Ball 2-0: Ground out 6-3 (Groundball, 6, EV 93.8 MPH)
|
Pitching: RHP Larry Mathieu
|
|
Batting: RHB Sean Rocha
|
0-0: Ball 1-0: Ball 2-0: Fly out, F8 (Flyball, 8LM, EV 80.0 MPH)
|
Batting: SHB Danny Gelinas
|
0-0: Ball 1-0: Ball 2-0: Ball 3-0: Called Strike 3-1: Ground out U3 (Groundball, 3, EV 83.1 MPH)
|
Top of the 9th over - 3 runs, 2 hits, 0 errors, 0 left on base; Los Angeles (NYP) 4 - Connecticut 4 |
BOTTOM OF THE 9TH |
Connecticut Tigers batting - Pitching for Los Angeles (NYP) Angels : RHP Owen Prouty
|
Pitching: LHP Chris Fuller
|
|
Batting: RHB Tony Nunez
|
0-0: Ground out 6-3 (Groundball, 6, EV 89.4 MPH)
|
Pinch Hitting: RHB Jaden Warrior
|
0-0: Swinging Strike 0-1: Ball 1-1: Called Strike 1-2: Strikes out swinging
|
Batting: RHB Kaleb Yerger
|
0-0: Foul Ball, location: 2F 0-1: Foul Ball, location: 2F 0-2: Ball 1-2: Foul Ball, location: 2F 1-2: Strikes out swinging
|
Bottom of the 9th over - 0 runs, 0 hits, 0 errors, 0 left on base; Los Angeles (NYP) 4 - Connecticut 4 |
TOP OF THE 10TH |
Los Angeles (NYP) Angels batting - Pitching for Connecticut Tigers : RHP Larry Mathieu
|
Now at SS: Ryohei Nakano
|
|
Batting: LHB Alberto Carrillo
|
0-0: Swinging Strike 0-1: Ball 1-1: Ball 2-1: Foul Ball, location: 2F 2-2: Reached on error, E3 (Groundball, 34S, EV 79.4 MPH)
|
Pinch Hitting: LHB Spencer Palmer
|
0-0: Called Strike 0-1: Called Strike 0-2: Ball 1-2: Strikes out looking
|
Batting: RHB Davey Verhoog
|
0-0: Called Strike Alberto Carrillo is caught stealing 2nd base 2-4 0-1: Called Strike 0-2: Ball 1-2: Ball 2-2: Ground out 5-3 (Groundball, 56S, EV 88.8 MPH)
|
Top of the 10th over - 0 runs, 0 hits, 1 error, 0 left on base; Los Angeles (NYP) 4 - Connecticut 4 |
BOTTOM OF THE 10TH |
Connecticut Tigers batting - Pitching for Los Angeles (NYP) Angels : LHP Chris Fuller
|
Pitching: RHP Simon Vogel
|
|
Now at 2B: Spencer Palmer
|
|
Batting: RHB Janne Vihko
|
0-0: Ball 1-0: Foul Ball, location: 2F 1-1: Ball 2-1: Ball 3-1: Called Strike 3-2: Ground out U3 (Groundball, 34, EV 84.4 MPH)
|
Batting: RHB Khalil Coleman
|
0-0: Ball 1-0: Called Strike 1-1: Swinging Strike 1-2: Ball 2-2: Strikes out swinging
|
Batting: LHB Afanasy Zasekin
|
0-0: Foul Ball, location: 2F 0-1: Ball 1-1: Swinging Strike 1-2: Strikes out looking
|
Bottom of the 10th over - 0 runs, 0 hits, 0 errors, 0 left on base; Los Angeles (NYP) 4 - Connecticut 4 |
TOP OF THE 11TH |
Los Angeles (NYP) Angels batting - Pitching for Connecticut Tigers : RHP Larry Mathieu
|
Batting: LHB Adam Barry
|
0-0: Ball 1-0: Ball 2-0: Called Strike 2-1: Foul Ball, location: 2F 2-2: Strikes out swinging
|
Batting: RHB Malachi Ephron
|
0-0: Ground out 5-3 (Groundball, 56, EV 98.8 MPH)
|
Batting: RHB Dan Myers
|
0-0: Foul Ball, location: 2F 0-1: Foul Ball, location: 2F 0-2: Ball 1-2: Strikes out swinging
|
Top of the 11th over - 0 runs, 0 hits, 0 errors, 0 left on base; Los Angeles (NYP) 4 - Connecticut 4 |
BOTTOM OF THE 11TH |
Connecticut Tigers batting - Pitching for Los Angeles (NYP) Angels : RHP Simon Vogel
|
Batting: LHB Antonio Luis
|
0-0: Called Strike 0-1: SINGLE (Groundball, 6MD, EV 108.1 MPH)
|
Batting: RHB Jeremiah Washington
|
0-0: Ball 1-0: DOUBLE (Line Drive, 7LM, EV 109.4 MPH) Antonio Luis to third Runner from 3rd tries for Home, SAFE, no throw by LF
|
Bottom of the 11th over - 1 run, 2 hits, 0 errors, 1 left on base; Los Angeles (NYP) 4 - Connecticut 5 |
|